 Dungeon Crawl Stone Soup version 0.31-a0-267-g3fc6992b3b (webtiles) character file.

Game seed: 9941467257885020538

129 qw the Shooter (level 5, -4/30 HPs)
             Began as a Gargoyle Hexslinger on July 14, 2023.
             Slain by an orc priest
             ... wielding a +0 mace
              (7 damage)
             ... on level 5 of the Dungeon.
             The game lasted 00:01:00 (2422 turns).

qw the Shooter (Gargoyle Hexslinger)                Turns: 2422, Time: 00:01:00

Health: -4/30      AC: 12    Str: 11    XL:     5   Next: 12%
Magic:  6/6        EV: 10    Int: 14    God:
Gold:   115        SH:  0    Dex: 14    Spells: 5/6 levels left

rFire   . . .        Y - +1 sling
rCold   . . .        (no shield)
rNeg    + + +        f - +0 ring mail
rPois   inf          (no helmet)
rElec   +            i - +0 cloak
rCorr   .            (no gloves)
SInv    .            m - +1 pair of boots
Will    .....        (no amulet)
Stlth   +            g - ring of positive energy
HPRegen 0.25/turn    j - ring of positive energy
MPRegen 0.10/turn

%: no passive effects
@: about to teleport
A: sickness immunity, AC +4, negative energy resistance 1, electricity
resistance, torment resistance 1, petrification resistance
a: no special abilities


You were on level 5 of the Dungeon.
You visited 1 branch of the dungeon, and saw 4 of its levels.

You collected 115 gold pieces.


Innate Abilities, Weirdness & Mutations

You are immune to sickness and miasma.
Your stone body is resilient. (AC +4)
You are immune to poison.
You resist negative energy. (rN+)
You are resistant to electric shocks. (rElec)
You are resistant to unholy torment.
You are immune to petrification.


   Skills:
 - Level 2.0 Fighting
 + Level 4.7 Ranged Weapons
 - Level 1.0 Armour
 - Level 1.5 Dodging
 - Level 1.0 Spellcasting
 - Level 2.6 Hexes


You had 5 spell levels left.
You knew the following spells:

 Your Spells              Type           Power      Damage    Failure   Level
a - Slow                  Hex            32%        N/A       21%         1

Your spell library contained the following spells:

 Spells                   Type           Power      Damage    Failure   Level
 Inner Flame              Hex/Fire       4%         N/A       71%         3
 Portal Projectile        Hex/Tloc       8%         N/A       71%         3
 Cause Fear               Hex            4%         N/A       90%         4

Inventory:

Hand Weapons
 Y - a +1 sling (weapon)
Armour
 a - a scarf of harm
 f - a +0 ring mail (worn)
 i - a +0 cloak (worn)
 m - a +1 pair of boots (worn)
Jewellery
 c - a ring of fire
 g - a ring of positive energy (left hand)
 j - a ring of positive energy (right hand)
Scrolls
 h - a scroll of identify
Potions
 d - a potion of enlightenment
 e - a potion of might

Dungeon Overview and Level Annotations

Branches:
Dungeon (3/15)

Altars:

Shops:
D:3 [


Message History

You shoot a sling bullet.
The sling bullet hits the iguana but does no damage.
The iguana is moderately wounded.
The iguana bites you!
The orc priest hits you but does no damage.
You shoot a sling bullet.
The sling bullet closely misses the iguana.
The iguana bites you.
The orc priest begins to cast a cantrip, but forgets the words!
You shoot a sling bullet.
The sling bullet hits the iguana but does no damage.
The iguana is moderately wounded.
The iguana closely misses you.
The orc priest hits you but does no damage.
The iguana barely misses you. The orc priest closely misses you.
You shoot a sling bullet. The sling bullet hits the iguana.
The iguana is moderately wounded.
The iguana barely misses you.
The orc priest hits you but does no damage.
You shoot a sling bullet.
The sling bullet hits the iguana but does no damage.
The iguana is moderately wounded.
The iguana barely misses you.
The orc priest hits you but does no damage.
You shoot a sling bullet. The sling bullet hits the iguana.
The iguana is severely wounded.
The iguana bites you. The orc priest hits you with a +0 mace.
You shoot a sling bullet. The sling bullet hits the iguana.
The iguana is almost dead.
The iguana bites you. The orc priest misses you.
The iguana bites you but does no damage.
The orc priest hits you but does no damage.
2421 ||| READING scroll of teleportation.
As you read the scroll of teleportation, it crumbles to dust.
You feel strangely unstable. The iguana misses you.
The orc priest hits you with a +0 mace.
You shoot a sling bullet. The sling bullet hits the iguana.
You kill the iguana!
The orc priest hits you with a +0 mace!
You die...

#### #..### ##....##
#..(...# ####..@%.#
##.##.##o.....#
##..##..####....
#.......# ...
#####.....## .
####.........>#
####................
.#.#.#######.........
.. .#.#.# .
#...........##.# ..#


You could see an orc priest.

Vanquished Creatures
  A hound (D:5)
  An iguana (D:5)
  4 adders
  4 worms (D:2)
  A dart slug (D:3)
  5 endoplasms
  A giant cockroach (D:1)
  2 goblins (D:1)
  3 hobgoblins (D:1)
  4 jackals (D:1)
  2 quokkas
  5 ball pythons
  7 bats (D:1)
  2 frilled lizards
  5 kobolds
  7 rats
54 creatures vanquished.

Notes
Turn   | Place    | Note
-------+----------+-------------------------------------------
     0 | D:1      | qw the Gargoyle Hexslinger began the quest for the Orb.
     0 | D:1      | Reached XP level 1. HP: 12/12 MP: 2/2
     0 | D:1      | 0 ||| qw: Version: 0.3-a-52-g30416fa
     0 | D:1      | 0 ||| qw: Game counter: 7824
     0 | D:1      | 0 ||| qw: Melee chars always use a shield: true
     0 | D:1      | 0 ||| qw: God list: Okawaru
     0 | D:1      | 0 ||| qw: Allow faded altars: false
     0 | D:1      | 0 ||| qw: Do Orc after clearing Dungeon:15 true
     0 | D:1      | 0 ||| qw: Do second Lair branch before Depths: true
     0 | D:1      | 0 ||| qw: Lair rune preference: random
     0 | D:1      | 0 ||| qw: Goals: Normal
     0 | D:1      | 0 ||| PLANNING D:1-11
   223 | D:1      | Reached XP level 2. HP: 16/16 MP: 3/3
   355 | D:1      | Reached skill level 3 in Ranged Weapons
   535 | D:1      | Reached XP level 3. HP: 21/21 MP: 4/4
   801 | D:1      | 801 ||| UPGRADING to +0 ring mail.
   811 | D:1      | 811 ||| DROPPING +0 robe.
   812 | D:1      | 812 ||| UPGRADING to +0 cloak.
   817 | D:1      | 817 ||| UPGRADING to +1 pair of boots.
   822 | D:1      | 822 ||| READING 2 scrolls labelled YTWEAF GOBBI.
   923 | D:1      | 923 ||| READING 4 scrolls labelled LANWEF HYOCK.
   924 | D:1      | 924 ||| READING scroll labelled SATEMI HUAR.
   929 | D:1      | 929 ||| READING scroll labelled FICLEA AWKAMOD.
   945 | D:1      | 945 ||| READING 3 scrolls of identify.
   945 | D:1      | 945 ||| IDENTIFYING red potion
   946 | D:1      | 946 ||| READING 2 scrolls of identify.
   946 | D:1      | 946 ||| IDENTIFYING fizzy green potion
   947 | D:1      | 947 ||| DROPPING scroll of silence.
   948 | D:1      | 948 ||| DROPPING scroll of poison.
  1017 | D:2      | Reached skill level 1 in Armour
  1353 | D:2      | Reached XP level 4. HP: 23/26 MP: 5/5
  1525 | D:2      | Reached skill level 4 in Ranged Weapons
  1952 | D:2      | 1952 ||| UPGRADING to ring of positive energy.
  1953 | D:2      | 1953 ||| UPGRADING to ring of positive energy.
  1954 | D:2      | 1954 ||| READING scroll labelled LOYRELEUCA.
  1955 | D:2      | 1955 ||| READING scroll labelled ASODYNAMOPH.
  1956 | D:2      | 1956 ||| READING 3 scrolls of identify.
  1956 | D:2      | 1956 ||| IDENTIFYING golden potion
  1957 | D:2      | 1957 ||| READING 2 scrolls of identify.
  1957 | D:2      | 1957 ||| IDENTIFYING sedimented coppery potion
  1958 | D:2      | 1958 ||| DROPPING potion of berserk rage.
  1959 | D:2      | 1959 ||| DROPPING potion of magic.
  2033 | D:3      | Found Pebier's Armour Shoppe.
  2219 | D:3      | You fall into a shaft and drop 2 floors!
  2219 | D:5      | Entered Level 5 of the Dungeon
  2220 | D:5      | 2220 ||| PLANNING OSSUARY
  2238 | D:5      | HP: 3/26 [hound (4)]
  2239 | D:5      | 2239 ||| READING 2 scrolls of teleportation.
  2241 | D:5      | HP: 1/26 [orc/+0 hand axe (2)]
  2242 | D:5      | Reached XP level 5. HP: 1/30 MP: 6/6
  2420 | D:5      | HP: 3/30 [iguana (6)]
  2421 | D:5      | 2421 ||| READING scroll of teleportation.
  2422 | D:5      | Slain by an orc priest

Levels and vault maps discovered:
D:1:      dpeg_arrival_fog, layout_basic
D:2:      layout_loops_corners
D:3:      layout_rooms, shapermc_ecumenical_altar_petra, serial_shops, shop
D:5:      layout_cave_pools, minmay_temple_entry_trees, enter_ossuary_4,
          grunt_ministairs_1

Skill      XL: |  1  2  3  4 |
---------------+-------------+-----
Ranged Weapons | 3 4 |  4.7
Fighting       | 2 |  2.0
Armour         | 1 |  1.0
Dodging        | |  1.5
Spellcasting   | |  1.0
Hexes          | |  2.6

Action                     |  1- 3 |  4- 6 || total
---------------------------+-------+-------++-------
   Fire: Sling             |   132 |   124 ||   256
    Use: Scroll            |     6 |     6 ||    12
 Armour: Robe              |    22 |       ||    22
         Ring mail         |    13 |    53 ||    66
  Dodge: Dodged            |    51 |    56 ||   107

Table legend:
 A = Non-vault XP
 B = Vault XP
 C = Vault XP percentage of total XP
 D = Non-vault monster count
 E = Vault monster count
 F = Vault count percentage of total count
                 A         B        C        D         E       F
            +---------+---------+-------+---------+---------+-------
      Total |     222 |       0 |   0.0 |      54 |       0 |   0.0
            +---------+---------+-------+---------+---------+-------
        D:1 |      42 |       0 |   0.0 |      26 |       0 |   0.0
        D:2 |      72 |       0 |   0.0 |      16 |       0 |   0.0
        D:3 |      15 |       0 |   0.0 |       9 |       0 |   0.0
        D:5 |      93 |       0 |   0.0 |       3 |       0 |   0.0
            +---------+---------+-------+---------+---------+-------
